 Dungeon Crawl Stone Soup version 0.27-a0-1196-g3e9cee4cb2 (webtiles) character file.

Game seed: 6011622621726080972

93 Kold the Digger (level 4, 0/24 HPs)
             Began as a Gargoyle Earth Elementalist on May 28, 2021.
             Slain by a bullfrog (1 damage)
             ... on level 1 of the Dungeon.
             The game lasted 00:03:17 (1769 turns).

Kold the Digger (Gargoyle Earth Elementalist)       Turns: 1769, Time: 00:03:18

Health: 0/24       AC:  5    Str: 12    XL:     4   Next: 62%
Magic:  8/8        EV: 12    Int: 16    God:
Gold:   52         SH:  0    Dex: 10    Spells: 5/9 levels left

rFire    . . .     SeeInvis .   d - +0 club
rCold    . . .     Faith    .   (no shield)
rNeg     + . .     Spirit   .   c - +0 robe
rPois    ∞         Reflect  .   (no helmet)
rElec    +         Harm     .   (no cloak)
rCorr    .         Rampage  .   (no gloves)
Will     .....                  (no boots)
Stlth    ++........             (no amulet)
HPRegen  0.08/turn              (no ring)
MPRegen  0.11/turn              (no ring)

@: no status effects
A: sickness immunity, AC +3, negative energy resistance 1, electricity
resistance, torment resistance 1, petrification resistance
a: no special abilities


You were on level 1 of the Dungeon.
You visited 1 branch of the dungeon, and saw 2 of its levels.

You collected 52 gold pieces.

Inventory:

Hand Weapons
 d - a +0 club (weapon)
 h - a +0 short sword
Armour
 c - a +0 robe (worn)
Wands
 j - a wand of polymorph (4)
Scrolls
 a - 2 scrolls of teleportation {unknown}
 b - a scroll of identify {unknown}
 e - a scroll of amnesia {unknown}
 i - a scroll of fog {unknown}
Potions
 f - a potion of curing {unknown}
 g - a potion of lignification {unknown}


   Skills:
 - Level 2.0 Dodging
 - Level 2.1 Stealth
 + Level 3.1 Spellcasting
 + Level 1.0 Conjurations
 - Level 0.7 Transmutations
 + Level 4.9 Earth Magic


You had 5 spell levels left.
You knew the following spells:

 Your Spells              Type           Power      Damage    Failure   Level
a - Sandblast             Erth           36%        2d10      2%          1
b - Stone Arrow           Conj/Erth      22%        3d8       17%         3

Your spell library contained the following spells:

 Spells                   Type           Power      Damage    Failure   Level
 Passwall                 Tmut/Erth      9%         N/A       9%          2
 Petrify                  Tmut/Erth      11%        N/A       50%         4
 Lee's Rapid Deconstruct  Erth           9%         3d8*      56%         5


Dungeon Overview and Level Annotations

Branches:
Dungeon (2/15)

Altars:


Innate Abilities, Weirdness & Mutations

You are immune to sickness and miasma.
Your stone body is resilient. (AC +3)
You are immune to poison.
You resist negative energy. (rN+)
You are resistant to electric shocks. (rElec)
You are resistant to unholy torment.
You are immune to petrification.


Message History

You closely miss the adder. The adder bites you but does no damage.
You barely miss the adder. The adder misses you. The adder closely misses you.
You closely miss the adder. The adder closely misses you.
The adder barely misses you.
You barely miss the adder. The adder misses you. The adder bites you.
* * * LOW HITPOINT WARNING * * *
You miss the adder. The adder barely misses you.
You miss the adder. The adder bites you.
* * * LOW HITPOINT WARNING * * *
The adder closely misses you.
You hit the adder.
The adder is lightly wounded.
The adder bites you but does no damage. The adder bites you.
* * * LOW HITPOINT WARNING * * *
You miss the adder.
The adder is lightly wounded.
The adder misses you.
You miss the adder.
The adder is lightly wounded.
The adder bites you but does no damage. x2
You hit the adder.
The adder is severely wounded.
The adder bites you.
* * * LOW HITPOINT WARNING * * *
The adder closely misses you.
Aiming: Polymorph
Press: ? - help, Shift-Dir - straight line, f - adder
Aim: an adder (severely wounded, will become a bullfrog, a ball python, or a frilled lizard, chance to affect: 54%)
The adder evaporates and reforms as a bullfrog!
The bullfrog closely misses you.
Aiming: Polymorph
Press: ? - help, Shift-Dir - straight line, f/p - bullfrog
Aim: a bullfrog (will become a jelly, a water moccasin, or a steam dragon, chance to affect: 46%)
The bullfrog resists with some effort.
The bullfrog hits you but does no damage.
Aiming: Polymorph
Press: ? - help, Shift-Dir - straight line, f/p - bullfrog
Aim: a bullfrog (will become a jelly, a water moccasin, or a steam dragon, chance to affect: 46%)
The bullfrog resists with some effort.
The bullfrog hits you.
You die...

#......................+...##...
#....#######....#......##..##...
#.)..'.....................##.#.
#....###.###....................
####.###...##.....###...).......
#.......+......+.............
###.#.....##.....#######..##...
#.....#...###..#.#######.......
###.†.....# #F@#..........##..#
#...##..# #..#.######...##...
#...##..# #.............###.#
#..###..###.##.######...# #.#
#...............# #...# #.#
#...........##..# #...# #.#
#..#####.##.##..# #..####.#
#..#####.##.##..#####..##...#
#..........................##


You could see a bullfrog.

Vanquished Creatures
  Jessica (D:2)
  2 adders (D:2)
  A worm (D:2)
  3 dart slugs
  6 ball pythons
  6 bats
  6 endoplasms
  A giant cockroach (D:2)
  2 goblins (D:1)
  A hobgoblin (D:2)
  5 kobolds
  A quokka (D:2)
  5 frilled lizards
  3 rats (D:1)
43 creatures vanquished.

Notes
Turn   | Place    | Note
-------+----------+-------------------------------------------
     0 | D:1      | Kold the Gargoyle Earth Elementalist began the quest for
                  | the Orb.
     0 | D:1      | Reached XP level 1. HP: 10/10 MP: 3/3
   179 | D:1      | Reached XP level 2. HP: 15/15 MP: 3/5
   282 | D:1      | Reached skill level 4 in Earth Magic
   571 | D:1      | Reached XP level 3. HP: 19/19 MP: 4/6
  1296 | D:2      | Reached XP level 4. HP: 21/24 MP: 6/8
  1307 | D:2      | Learned a level 3 spell: Stone Arrow
  1600 | D:2      | Noticed Jessica
  1601 | D:2      | Killed Jessica
  1602 | D:2      | Reached skill level 1 in Conjurations
  1766 | D:1      | HP: 1/24 [adder (3)]
  1767 | D:1      | Noticed a bullfrog
  1767 | D:1      | an adder changed into a bullfrog
  1769 | D:1      | Slain by a bullfrog

Illustrated notes

Levels and vault maps discovered:
D:1:      doesnt_arrival_eight_statues, layout_basic
D:2:      minmay_recursive_quarters, layout_rooms,
          ebering_ecumenical_altar_mist, minmay_bisected,
          uniq_crazy_yiuf_cottage, uniq_jessica

Skill      XL: |  1  2  3  4 |
---------------+-------------+-----
Earth Magic    | 4 |  4.9
Dodging        | 2 |  2.0
Spellcasting   | 3 |  3.1
Conjurations   | 1 |  1.0
Stealth        | |  2.1
Transmutations | |  0.7

Action                   |  1- 3 |  4- 6 || total
-------------------------+-------+-------++-------
Melee: Club              |    22 |    45 ||    67
 Cast: Sandblast         |    43 |     4 ||    47
       Stone Arrow       |       |     2 ||     2
Evoke: Wand              |       |     3 ||     3
Armor: Robe              |    12 |    19 ||    31
Dodge: Dodged            |    28 |    43 ||    71

Table legend: (Time is in decaauts)
 A = Elapsed time spent in this place.
 B = Non-inter-level travel time spent in this place.
 C = Inter-level travel time spent in this place.
 D = Time resting spent in this place.
 E = Time spent auto-exploring this place.
 F = Levels seen in this place.
 G = Mean time per level.
                   A        B        C        D        E       F      G
               +--------+--------+--------+--------+--------+-----+--------+
         Total |   1790 |   1739 |     51 |    213 |   1187 |   2 |  895.0 |
       Dungeon |   1790 |   1739 |     51 |    213 |   1187 |   2 |  895.0 |
               +--------+--------+--------+--------+--------+-----+--------+

Top non-repeatable levels by time:
     D:1: 1028 daAuts
     D:2: 762 daAuts
